 Dungeon Crawl Stone Soup version 0.31-a0-978-g1e143483b6 (webtiles) character file.

Game seed: 4036563402826580356

4282 Arzdou the Destroyer (level 10, -2/50 HPs)
             Began as a Deep Elf Ice Elementalist on Oct 30, 2023.
             Was a Priest of Vehumet.
             Slain by a vampire
             ... wielding a +5 vampiric halberd
              (17 damage)
             ... in a bailey.
             The game lasted 00:20:15 (7959 turns).

Arzdou the Destroyer (Deep Elf Ice Elementalist)    Turns: 7959, Time: 00:20:16

Health: -2/50      AC:  3    Str:  5    XL:     10   Next: 10%
Magic:  15/23      EV: 15    Int: 25    God:    Vehumet [***...]
Gold:   160        SH:  0    Dex: 15    Spells: 15/24 levels left

rFire   . . .        o - +0 arbalest
rCold   . . .        (shield currently unavailable)
rNeg    . . .        a - +0 robe
rPois   +            (no helmet)
rElec   .            h - +0 cloak
rCorr   .            (no gloves)
SInv    +            (no boots)
Will    +....        f - amulet of regeneration
Stlth   ++++         m - ring of see invisible
HPRegen 1.08/turn    x - ring of poison resistance
MPRegen 0.18/turn

%: no passive effects
@: about to teleport, studying Throwing
A: no striking features
a: Renounce Religion


You were in a bailey.
You worshipped Vehumet.
Vehumet was most pleased with you.
You visited 2 branches of the dungeon, and saw 9 of its levels.
You also visited: Bailey.

You collected 274 gold pieces.
You spent 114 gold pieces at shops.

Inventory:

Hand Weapons
 c - a +0 spear
 o - a +0 arbalest (weapon)
 u - a +3 whip of flaming
Armour
 a - a +0 robe (worn)
 h - a +0 cloak (worn)
Jewellery
 f - an amulet of regeneration (around neck)
 m - a ring of see invisible (left hand)
 n - a +6 ring of dexterity
 q - a ring of ice
 t - a ring of fire
 x - a ring of poison resistance (right hand)
 A - a ring of ice
Wands
 g - a wand of light (11)
 p - a wand of charming (40)
 y - a wand of mindburst (7)
Scrolls
 e - 6 scrolls of immolation
 s - a scroll of torment
 w - a scroll of blinking
 B - a scroll of identify
Potions
 b - 2 potions of magic
 d - 5 potions of curing
 i - 3 potions of heal wounds
 j - 4 potions of haste
 k - a potion of mutation
 l - 4 potions of lignification
 v - a potion of resistance


   Skills:
 - Level 7.1 Dodging
 - Level 8.0 Stealth
 + Level 7.7 Spellcasting
 + Level 8.3 Conjurations
 - Level 6.2 Ice Magic
 - Level 6.6 Air Magic


You had 15 spell levels left.
You knew the following spells:

 Your Spells              Type           Power      Damage    Failure   Level
a - Freeze                Ice            100%       1d10      1%          1
b - Frozen Ramparts       Ice            80%        1d13      1%          3
c - Ozocubu's Armour      Ice            40%        N/A       1%          3
s - Static Discharge      Conj/Air       94%        3-7/arc   1%          2

Your spell library contained the following spells:

 Spells                   Type           Power      Damage    Failure   Level
 Volatile Blastmotes      Fire/Tloc      18%        2d11      5%          3
 Shock                    Conj/Air       100%       1d9       1%          1
 Poisonous Vapours        Pois/Air       52%        N/A       1%          2
 Hailstorm                Conj/Ice       46%        3d11      1%          3
 Irradiate                Conj/Tmut      15%        3d16      9%          5
 Blink                    Tloc           18%        N/A       10%         2
 Wereblood                Tmut           9%         N/A       10%         2
 Summon Ice Beast         Ice/Summ       25%        N/A       17%         4
 Teleport Other           Tloc           9%         N/A       19%         3
 Manifold Assault         Tloc           9%         N/A       52%         4
 Summon Forest            Summ/Tloc      4%         N/A       86%         5
 Eringya's Noxious Bog    Tmut/Pois      4%         4d6       90%         6
 Simulacrum               Ice/Necr       12%        N/A       95%         6


Dungeon Overview and Level Annotations

Branches:
Dungeon (8/15)             Temple (1/1) D:4          Bailey (1/1)
   Lair: D:8-11

Altars:
Cheibriados
Dithmenos
Elyvilon
Fedhas
Gozag
Hepliaklqana
Kikubaaqudgha
Makhleb
Nemelex Xobeh
Okawaru
Qazlal
Ru
Sif Muna
Uskayaw
Vehumet
Xom
Yredelemnul
Zin
The Shining One

Shops:
D:1 (   D:4 *   D:5 *   D:6 *


Message History

You feel a surge of power! A film of ice covers your body!
The vampire gestures wildly while chanting.
The vampire flickers and vanishes!
Deactivating autopickup; reactivate with Ctrl-A.
Unknown command.
You're wearing all the rings you can.
Remove which one? (? for menu, Esc to cancel) < or
q - a ring of ice; > or
x - a ring of poison resistance You remove your ring of ice.
Reactivating autopickup.
m - a ring of see invisible (left hand)
Your icy armour cracks and falls away as you move.
The vampire barely misses you.
The vampire bites you but does no damage.
You see here a +2 chain mail of cold resistance.
Casting: Ozocubu's Armour (safe; 1% risk of failure)
Confirm with . or Enter, or press ? or * to list all spells.
A film of ice covers your body!
The vampire hits you with a +5 vampiric halberd!
The vampire bites you but does no damage.
Unknown command.
Casting: Ozocubu's Armour (safe; 1% risk of failure)
Confirm with . or Enter, or press ? or * to list all spells.
Casting: Frozen Ramparts (safe; 1% risk of failure)
Press: ? - help, Dir - look around, f - activate The walls around you are covered in ice.
The vampire resists.
The wall freezes the vampire.
The vampire hits you with a +5 vampiric halberd!!
* * * LOW HITPOINT WARNING * * *
The vampire draws strength from your wounds!
The vampire bites you but does no damage.
Unknown command.
As you read the scroll of teleportation, it crumbles to dust.
You feel strangely unstable.
The wall freezes the vampire but does no damage.
The vampire barely misses you. The vampire closely misses you.
Your icy armour cracks and falls away as you move.
The frozen ramparts melt away as you move.
The vampire hits you with a +5 vampiric halberd!
You die...

###''##...##....8#..
##....##...#######..
##......##.......8#..
#...##...#8......9#..
#..##*#..############
#..##*#..# #8..##..8#
##![V.!!## ##8@=.##
######


You could see a vampire (invisible).

Vanquished Creatures
  Pikel (D:4)
  A shadow (D:6)
  A water moccasin (D:6)
  3 sky beasts
  2 black bears
  3 orc warriors
  3 ogres
  An ice beast (D:7)
  A phantom (D:5)
  4 lemures (D:4)
  A gnoll sergeant (D:5)
  2 bullfrogs
  3 wights
  6 scorpions
  6 killer bees (D:6)
  3 howler monkeys
  8 vampire bats (Bailey)
  6 wolf zombies (Bailey)
  A jelly (D:5)
  An orc priest (D:4)
  2 hounds
  4 iguanas
  8 orc wizards
  6 gnolls
  8 adders
  A shadow imp (D:7)
  2 white imps (D:7)
  An ufetubus (D:6)
  5 worms
  5 dart slugs
  30 orcs
  5 bats
  4 endoplasms
  2 giant cockroaches
  10 goblins
  8 hobgoblins
  2 jackals (D:2)
  5 kobolds
  2 quokkas
  2 ball pythons
  4 frilled lizards
  20 orc zombies (Bailey)
  5 rats
198 creatures vanquished.

Notes
Turn   | Place    | Note
-------+----------+-------------------------------------------
     0 | D:1      | Arzdou the Deep Elf Ice Elementalist began the quest for
                  | the Orb.
     0 | D:1      | Reached XP level 1. HP: 10/10 MP: 6/6
   203 | D:1      | Found Joat's Weapon Shop.
   222 | D:1      | Reached XP level 2. HP: 15/15 MP: 5/8
   685 | D:1      | Reached XP level 3. HP: 19/19 MP: 8/10
   689 | D:1      | Learned a level 3 spell: Frozen Ramparts
   693 | D:1      | Learned a level 3 spell: Ozocubu's Armour
  1386 | D:2      | Found a glowing golden altar of the Shining One.
  1933 | D:3      | Reached skill level 5 in Ice Magic
  2487 | D:3      | Reached XP level 4. HP: 24/24 MP: 10/12
  2618 | D:4      | Identified the of Ytheex
  2623 | D:4      | Noticed a bullfrog
  2630 | D:4      | Killed a bullfrog
  2636 | D:4      | Reached skill level 5 in Spellcasting
  2636 | D:4      | Reached XP level 5. HP: 22/28 MP: 3/14
  2726 | D:4      | Found Xiosopn's Fire Supplies.
  2776 | D:4      | Found a staircase to the Ecumenical Temple.
  2822 | Temple   | Entered the Ecumenical Temple
  2834 | Temple   | Became a worshipper of Vehumet
  3052 | D:4      | Reached XP level 6. HP: 31/32 MP: 11/17
  3055 | D:4      | Learned a level 2 spell: Static Discharge
  3311 | D:4      | Noticed Pikel
  3315 | D:4      | Reached skill level 1 in Conjurations
  3315 | D:4      | Reached skill level 1 in Air Magic
  3320 | D:4      | Killed Pikel
  3321 | D:4      | Reached XP level 7. HP: 36/36 MP: 11/18
  3616 | D:4      | Found a white marble altar of Elyvilon.
  3616 | D:4      | Found a sparkling altar of Nemelex Xobeh.
  3846 | D:4      | Reached skill level 5 in Conjurations
  3968 | D:5      | Entered Level 5 of the Dungeon
  3989 | D:5      | Reached XP level 8. HP: 30/41 MP: 12/19
  4123 | D:5      | Reached skill level 5 in Air Magic
  4184 | D:5      | Reached * piety under Vehumet
  4184 | D:5      | Offered knowledge of Magic Dart by Vehumet.
  4383 | D:5      | Found Pezink Ikhi's General Store.
  4386 | D:5      | Bought a scroll of blinking for 90 gold pieces
  4386 | D:5      | Bought a scroll of identify for 24 gold pieces
  5341 | D:6      | Found Cuolal's General Store.
  5805 | D:6      | Reached XP level 9. HP: 43/45 MP: 10/20
  6098 | D:6      | Reached skill level 5 in Stealth
  6185 | D:6      | Reached skill level 5 in Dodging
  6642 | D:7      | Found a blossoming altar of Fedhas.
  6922 | D:7      | Found a snail-covered altar of Cheibriados.
  7030 | D:7      | Reached ** piety under Vehumet
  7150 | Bailey   | Identified the of Govos
  7157 | D:8      | Offered knowledge of Scorch by Vehumet.
  7317 | D:8      | Found a flagged portal.
  7410 | Bailey   | Entered a bailey
  7682 | Bailey   | Offered knowledge of Volatile Blastmotes by Vehumet.
  7683 | Bailey   | Reached XP level 10. HP: 50/50 MP: 22/22
  7761 | Bailey   | Reached *** piety under Vehumet
  7936 | Bailey   | Noticed a gargoyle
  7959 | Bailey   | Identified the +1 chain mail "Ofiak" {rF+ Will+}
  7959 | Bailey   | Slain by a vampire

Illustrated notes

Levels and vault maps discovered:
D:1:      psy_arrival_whirlpool, layout_basic, serial_shops,
          nicolae_shop_rolling_square
D:2:      layout_loops_corners, basic_altar, grunt_ministairs_10
D:3:      layout_basic, moated_statue
D:4:      layout_basic, nicolae_overflow_two_pavilions,
          minmay_temple_entry_statues_fountains, serial_rivers,
          chequers_serial_rivers_micro_b, chequers_serial_rivers_micro_c,
          chequers_serial_rivers_room_b, chequers_serial_rivers_small_a,
          small_statue_intersection, nicolae_shop_fire_sale
          [nicolae_sub_dead_trees], nicolae_wormholes, uniq_pikel
D:5:      layout_loops_ring, serial_shops, nicolae_shop_real_fake_doors
D:6:      minmay_general_purpose_star, layout_loops_cross, serial_shops, shop,
          minmay_manual_mail
D:7:      layout_rooms, kennysheep_slug_shrine, mainiacjoe_overflow_24_doors
D:8:      layout_rooms, grunt_ashenzari_visionary
          [grunt_ashenzari_visionary_shoals, grunt_ashenzari_visionary_spider],
          lightli_bailey_entry_fortress, guppyfry_early_elven_hall, uniq_psyche
Temple:   nicolae_temple_bog_church
Bailey:   bailey_polearm_vampire_castle_hellmonk, bailey

Skill      XL: |  1  2  3  4  5  6  7  8  9 |
---------------+----------------------------+-----
Stealth        | 3 4 8 |  8.0
Dodging        | 3 7 |  7.1
Spellcasting   | 4 5 6 7 |  7.7
Ice Magic      | 5 6 |  6.2
Conjurations   | 4 5 7 8 |  8.3
Air Magic      | 3 4 6 |  6.6

Action                     |  1- 3 |  4- 6 |  7- 9 | 10-12 || total
---------------------------+-------+-------+-------+-------++-------
  Melee: Spear             |    50 |    11 |       |       ||    61
         Whip              |       |       |     3 |       ||     3
   Fire: Arbalest          |       |       |    78 |    69 ||   147
   Cast: Freeze            |    55 |    18 |    56 |       ||   129
         Frozen Ramparts   |     1 |     9 |    46 |     9 ||    65
         Ozocubu's Armour  |     1 |     5 |    17 |     7 ||    30
         Static Discharge  |       |       |    25 |       ||    25
    Use: Scroll            |       |       |    15 |     1 ||    16
   Stab: Sleeping          |    15 |       |       |       ||    15
         Distracted        |     2 |       |       |       ||     2
 Armour: Robe              |    34 |    12 |    93 |    71 ||   210
  Dodge: Dodged            |    31 |    17 |    84 |    94 ||   226

Table legend: (Time is in decaauts)
 A = Elapsed time spent in this place.
 B = Non-inter-level travel time spent in this place.
 C = Inter-level travel time spent in this place.
 D = Time resting spent in this place.
 E = Time spent auto-exploring this place.
 F = Levels seen in this place.
 G = Mean time per level.
                   A        B        C        D        E       F      G
               +--------+--------+--------+--------+--------+-----+--------+
         Total |   8100 |   7889 |    211 |    932 |   5592 |  10 |  810.0 |
       Dungeon |   7444 |   7253 |    191 |    773 |   5401 |   8 |  930.5 |
        Temple |     26 |      7 |     19 |      0 |      0 |   1 |   26.0 |
        Bailey |    630 |    630 |      0 |    159 |    191 |   1 |  630.0 |
               +--------+--------+--------+--------+--------+-----+--------+

Top non-repeatable levels by time:
     D:4: 1325 daAuts
     D:6: 1269 daAuts
     D:5: 1254 daAuts
     D:1: 959 daAuts
     D:2: 937 daAuts
     D:7: 834 daAuts
     D:3: 725 daAuts
  Bailey: 630 daAuts
     D:8: 137 daAuts
  Temple: 26 daAuts
